 Dungeon Crawl Stone Soup version 0.25-a0-265-g7af84ae0ac (webtiles) character file.

Game seed: 2607512899741161701, levelgen mode: deterministic

1108 Lanoc the Gusty (level 8, -5/41 HPs)
             Began as a Deep Elf Air Elementalist on Dec 8, 2019.
             Was a Priest of Fedhas.
             Slain by an ice beast (14 damage)
             ... on level 6 of the Dungeon.
             The game lasted 00:12:42 (4943 turns).

Lanoc the Gusty (Deep Elf Air Elementalist)         Turns: 4943, Time: 00:12:43

Health: -5/41      AC:  4    Str:  5    XL:     8   Next: 11%
Magic:  5/14       EV: 17    Int: 23    God:    Fedhas [***...]
Gold:   462        SH:  0    Dex: 22    Spells: 0/13 levels left

rFire    . . .     SeeInvis .   x - +1 whip of Defence {pain, +Fly Dex+7} (curse)
rCold    . . .     Gourm    .   (no shield)
rNeg     . . .     Faith    .   a - +0 robe
rPois    .         Spirit   .   (no helmet)
rElec    .         Reflect  .   (no cloak)
rCorr    .         Harm     .   (no gloves)
MR       .....                  j - +1 pair of boots
Stlth    ++++......             (no amulet)
HPRegen  0.13/turn              l - ring of stealth
MPRegen  0.14/turn              (no ring)

@: very slightly contaminated
A: no striking features
a: Wall of Briars, Grow Ballistomycete, Renounce Religion, Evoke Flight


You were on level 6 of the Dungeon.
You worshipped Fedhas.
Fedhas was most pleased with you.
You were not hungry.

You visited 2 branches of the dungeon, and saw 7 of its levels.

You collected 462 gold pieces.

Inventory:

Hand Weapons
 x - the cursed +1 whip of Defence (weapon) {pain, +Fly Dex+7}
   (You found it on level 4 of the Dungeon)

   In the hands of one skilled in necromantic magic, it inflicts extra damage on
   living creatures.
   It affects your dexterity (+7).
   It lets you fly.
   It has a curse placed upon it.
Missiles
 y - 8 poisoned darts (quivered)
Armour
 a - a +0 robe (worn)
 j - a +1 pair of boots (worn)
Jewellery
 l - a ring of stealth (left hand)
Wands
 m - a wand of acid (15)
 s - a wand of paralysis (12)
Scrolls
 b - 3 scrolls of fog
 d - a scroll of identify
 e - 2 scrolls of teleportation {unknown}
 f - 4 scrolls of immolation {unknown}
 k - 2 scrolls of amnesia {unknown}
 o - a scroll of magic mapping {unknown}
 p - 4 scrolls of remove curse {unknown}
 t - a scroll of blinking {unknown}
 u - a scroll of enchant armour {unknown}
 v - a scroll of random uselessness {unknown}
 w - a scroll of enchant weapon {unknown}
 z - a scroll of acquirement {unknown}
Potions
 g - 2 potions of agility
 h - a potion of lignification
 i - a potion of cancellation
 n - a potion of heal wounds
 q - a potion of flight
 r - a potion of berserk rage
Comestibles
 c - 15 rations
 A - a chunk of flesh


   Skills:
 + Level 5.8 Dodging
 - Level 2.4 Stealth
 - Level 3.0 Spellcasting
 + Level 6.1 Conjurations
 * Level 7.0 Air Magic


You couldn't memorise any spells.
You knew the following spells:

 Your Spells              Type           Power        Failure   Level  Hunger
a - Shock                 Conj/Air       ####         1%          1    None
b - Static Discharge      Conj/Air       ####....     2%          3    ###....
c - Airstrike             Air            #####.....   6%          4    ####...
d - Lightning Bolt        Conj/Air       ####......   22%         5    ######.

Your spell library contained the following spells:

 Spells                   Type           Power        Failure   Level  Hunger
 Swiftness                Chrm/Air       ###.....     4%          2    ##.....


Dungeon Overview and Level Annotations

Branches:
Dungeon (6/15)             Temple (1/1) D:5

Altars:
Ashenzari
Elyvilon
Fedhas
Gozag
Kikubaaqudgha
Wu Jian
Xom
Yredelemnul

Shops:
D:4 }   D:5 [

Annotations:
D:3 3 runed translucent doors, emiel's ghost, amateur CeWn
D:6 grouchysmurf's ghost, novice MfSk


Message History

The ice beast is severely wounded.
The ice beast closely misses you.
Casting: Shock (safe; 1% risk of failure)
Confirm with . or Enter, or press ? or * to list all spells.
Aiming: Shock (safe; 1% risk of failure)
Press: ? - help, Shift-Dir - straight line, f/p - ice beast
Aim: an ice beast (severely wounded)
The zap hits the ice beast but does no damage.
The ice beast is severely wounded.
The ice beast completely misses you.
Casting: Shock (safe; 1% risk of failure)
Confirm with . or Enter, or press ? or * to list all spells.
Aiming: Shock (safe; 1% risk of failure)
Press: ? - help, Shift-Dir - straight line, f/p - ice beast
Aim: an ice beast (severely wounded)
The zap misses the ice beast.
The ice beast hits you.
* * * LOW HITPOINT WARNING * * *
The ice beast freezes you!
You die...
Fedhas appreciates your contribution to the ecosystem.

#.. #.# # ..? #.# # ..
#.#### #. ##########..... #
#.## #.......###...< #.
#..# #.............. #..
#.# #.......###.##.
###..####.#########.......#
#.##.
......)........Y@.........#
#.##.
########..#########.......#
#.##. #..# #......># #.##.
#..# #.......# #.#.. #...#
######### #...# #...# ###.#
#...# ### #####


You could see an ice beast.

Vanquished Creatures
  An ice beast (D:5)
  2 centaurs (D:5)
  A gnoll sergeant (D:5)
  3 scorpions
  A howler monkey (D:5)
  2 crimson imps
  2 orc priests
  A hound (D:5)
  A bullfrog skeleton (D:3)
  2 orc wizards
  3 worker ants (D:5)
  2 hound skeletons
  Robin (D:4)
  7 adders
  5 gnolls (D:5)
  A shadow imp (D:5)
  An ooze (D:4)
  A worm (D:2)
  3 dart slugs
  3 leopard geckos
  16 orcs
  A ball python (D:6)
  4 bats
  6 giant cockroaches
  14 goblins
  11 hobgoblins
  19 jackals
  5 quokkas
  9 frilled lizards
  A jackal skeleton (D:5)
  6 kobolds
  11 rats
146 creatures vanquished.

Notes
Turn   | Place    | Note
-------+----------+-------------------------------------------
     0 | D:1      | Lanoc the Deep Elf Air Elementalist began the quest for the
                  | Orb.
     0 | D:1      | Reached XP level 1. HP: 10/10 MP: 6/6
   346 | D:1      | Reached XP level 2. HP: 8/15 MP: 0/8
  1128 | D:2      | Reached XP level 3. HP: 19/19 MP: 2/9
  1208 | D:2      | Found a blossoming altar of Fedhas.
  1223 | D:2      | Noticed an oklob plant
  1253 | D:2      | Became a worshipper of Fedhas Madash
  1745 | D:2      | Reached XP level 4. HP: 18/24 MP: 1/10
  2096 | D:3      | Reached skill level 4 in Air Magic
  2099 | D:3      | Reached * piety under Fedhas
  2147 | D:3      | Learned a level 3 spell: Static Discharge
  2339 | D:3      | Found an ancient bone altar of Kikubaaqudgha.
  2389 | D:3      | Found a white marble altar of Elyvilon.
  2414 | D:3      | Reached XP level 5. HP: 28/28 MP: 7/11
  2521 | D:3      | Reached ** piety under Fedhas
  2607 | D:3      | Found a runed translucent gate.
  2607 | D:3      | Found a runed translucent gate.
  2607 | D:3      | Found a runed translucent gate.
  2640 | D:3      | Found an opulent altar of Gozag.
  2669 | D:3      | Noticed emiel's ghost (amateur CeWn)
  2820 | D:4      | Learned a level 4 spell: Airstrike
  2896 | D:4      | Noticed Robin
  2902 | D:4      | Killed Robin
  3001 | D:4      | Reached XP level 6. HP: 29/32 MP: 4/12
  3038 | D:4      | Got an iridescent whip
  3039 | D:4      | Identified the cursed +1 whip of Defence {pain, +Fly Dex+7}
                  | (You found it on level 4 of the Dungeon)
  3066 | D:4      | Found Pubb's Gadget Shoppe.
  3109 | D:4      | Found a shimmering altar of Xom.
  3109 | D:4      | Found a shimmering altar of Xom.
  3110 | D:4      | Found a shimmering altar of Xom.
  3112 | D:4      | Found a shimmering altar of Xom.
  3351 | D:5      | Entered Level 5 of the Dungeon
  3351 | D:5      | Noticed an ice beast
  3357 | D:5      | Killed an ice beast
  3357 | D:5      | Reached skill level 5 in Air Magic
  3417 | D:5      | Reached skill level 5 in Conjurations
  3544 | D:5      | Reached *** piety under Fedhas
  3911 | D:6      | Noticed an ice beast
  3926 | D:6      | Reached XP level 7. HP: 29/36 MP: 9/13
  3957 | D:6      | Noticed grouchysmurf's ghost (novice MfSk)
  3957 | D:6      | Identified the cursed +3 dire flail of Hubris {protect,
                  | +Fly Str+3}
  3957 | D:6      | Noticed a two-headed ogre
  3963 | D:5      | Found Adegh's Antique Armour Shop.
  3979 | D:5      | Found a shimmering altar of Xom.
  4099 | D:5      | Found a shattered altar of Ashenzari.
  4099 | D:5      | Found an ornate altar of the Wu Jian Council.
  4100 | D:5      | Found a basalt altar of Yredelemnul.
  4139 | D:5      | Reached skill level 6 in Air Magic
  4139 | D:5      | Reached skill level 5 in Dodging
  4549 | D:5      | Reached XP level 8. HP: 41/41 MP: 8/14
  4571 | D:5      | Found a staircase to the Ecumenical Temple.
  4589 | Temple   | Entered the Ecumenical Temple
  4822 | D:6      | Reached skill level 7 in Air Magic
  4920 | D:6      | Learned a level 5 spell: Lightning Bolt
  4943 | D:6      | Slain by an ice beast

Levels and vault maps discovered:
D:1:      kilobyte_arrival_exit_the_forest, layout_basic, hangedman_decor_push
D:2:      layout_basic, tgw_fedhas
D:3:      layout_basic, kiku_gazebo_garden_becter, elyvilon_altar_5,
          ebering_ghost_gozag
D:4:      layout_loops_ring, xom_redecorated, serial_shops, shop, first_ration,
          uniq_robin
D:5:      layout_basic, gammafunk_temple_overflow_claw,
          minmay_temple_entry_junction_2, basic_altar, serial_shops, shop
D:6:      layout_rooms, gammafunk_ghost_smash, kennysheep_generic_room_10
Temple:   minmay_temple_curvy_loop

Skill      XL: |  1  2  3  4  5  6  7  8 |
---------------+-------------------------+-----
Conjurations   | 2 3 4 5 6 |  6.1
Dodging        | 3 4 5 |  5.8
Air Magic      | 4 5 6 7 |  7.0
Stealth        | |  2.4
Spellcasting   | |  3.0

Action                   |  1- 3 |  4- 6 |  7- 9 || total
-------------------------+-------+-------+-------++-------
Melee: Unarmed           |    15 |     9 |       ||    24
       Quarterstaff      |       |    15 |       ||    15
       Whip              |       |    12 |     7 ||    19
 Cast: Shock             |    93 |   143 |    87 ||   323
       Airstrike         |       |     1 |       ||     1
  Use: Scroll            |       |     5 |     1 ||     6
       Potion            |       |     3 |       ||     3
  Eat: Chunk             |     2 |     7 |     3 ||    12
Armor: Robe              |     7 |    12 |     9 ||    28
Dodge: Dodged            |    23 |    40 |    26 ||    89

Table legend:
 A = Non-vault XP
 B = Vault XP
 C = Vault XP percentage of total XP
 D = Non-vault monster count
 E = Vault monster count
 F = Vault count percentage of total count
                 A         B        C        D         E       F
            +---------+---------+-------+---------+---------+-------
      Total |    1549 |      35 |   2.2 |     135 |      11 |   7.5
            +---------+---------+-------+---------+---------+-------
        D:1 |      35 |       0 |   0.0 |      20 |       0 |   0.0
        D:2 |      77 |       0 |   0.0 |      26 |       0 |   0.0
        D:3 |     123 |       0 |   0.0 |      29 |       0 |   0.0
        D:4 |     125 |      35 |  21.9 |      12 |      11 |  47.8
        D:5 |    1052 |       0 |   0.0 |      39 |       0 |   0.0
        D:6 |     137 |       0 |   0.0 |       9 |       0 |   0.0
            +---------+---------+-------+---------+---------+-------
